 Dungeon Crawl Stone Soup version 0.26-a0-597-gb535b0901c (webtiles) character file.

Game seed: 9515762357427351990

25 Flugslaktarn the Skirmisher (level 2, -2/27 HPs)
             Began as a Minotaur Fighter on Sept 13, 2020.
             Killed by divine providence
             ... invoked by an orc priest
              (12 damage)
             ... on level 3 of the Dungeon.
             The game lasted 00:00:13 (266 turns).

Flugslaktarn the Skirmisher (Minotaur Fighter)       Turns: 266, Time: 00:00:14

Health: -2/27      AC:  7    Str: 20    XL:     2   Next: 86%
Magic:  1/1        EV:  7    Int:  5    God:
Gold:   31         SH:  9    Dex:  9    Spells: 1/1 levels left

rFire    . . .     SeeInvis .   a - +0 war axe
rCold    . . .     Faith    +   c - +0 kite shield
rNeg     . . .     Spirit   .   b - +0 scale mail
rPois    .         Reflect  .   (helmet restricted)
rElec    .         Harm     .   (no cloak)
rCorr    .                      (no gloves)
MR       .....                  (no boots)
Stlth    ..........             g - amulet of faith
HPRegen  0.09/turn              (no ring)
MPRegen  0.07/turn              (no ring)

@: no status effects
A: retaliatory headbutt, horns 2
a: no special abilities


You were on level 3 of the Dungeon.
You visited 1 branch of the dungeon, and saw 3 of its levels.

You collected 31 gold pieces.

Inventory:

Hand Weapons
 a - a +0 war axe (weapon)
Armour
 b - a +0 scale mail (worn)
 c - a +0 kite shield (worn)
Jewellery
 g - an amulet of faith (around neck)
   (You found it on level 1 of the Dungeon)
Scrolls
 f - a scroll of teleportation {unknown}
 h - a scroll of random uselessness {unknown}
 i - a scroll of amnesia {unknown}
Potions
 d - a potion of might
 e - a potion of haste {unknown}


   Skills:
 * Level 4.2 Fighting
 * Level 3.1 Axes
 + Level 3.8 Armour
 + Level 3.9 Shields


You had one spell level left.
You didn't know any spells.
Your spell library was empty.

Dungeon Overview and Level Annotations

Branches:
Dungeon (3/15)

Altars:
Sif Muna
The Shining One


Innate Abilities, Weirdness & Mutations

You reflexively headbutt those who attack you in melee.
You have a pair of horns on your head.


Message History

No target in view!
No target in view!
No target in view!
No target in view!
No target in view!
No target in view!
You start resting.
HP restored.
You climb downwards.
You block the orc wizard's attack.
There is a stone staircase leading up here.
You hit the orc wizard.
The orc wizard is moderately wounded.
The orc wizard hits you with a +0 dagger.
The orc priest invokes the aid of Beogh against you.
Beogh smites you!
Ouch! That really hurt!
You barely miss the orc. Your headbutt misses the orc.
The orc priest mumbles some strange prayers to Beogh against you.
Beogh smites you!
You die...

#### ..... #####
......#so@#
.......o#...(..#
....o...#.####.#
........#.#
......###.#
...... ..#
####+# ###


You could see an orc priest, an orc wizard, an orc and a giant cockroach.

Vanquished Creatures
  2 adders (D:2)
  A leopard gecko (D:2)
  A bat (D:2)
  A giant cockroach (D:2)
  A goblin (D:2)
  A hobgoblin (D:2)
7 creatures vanquished.

Notes
Turn   | Place    | Note
-------+----------+-------------------------------------------
     0 | D:1      | Flugslaktarn the Minotaur Fighter began the quest for the
                  | Orb.
     0 | D:1      | Reached XP level 1. HP: 19/19 MP: 0/0
    82 | D:2      | Found a shimmering blue altar of Sif Muna.
    82 | D:2      | Found a glowing golden altar of the Shining One.
   175 | D:2      | Reached skill level 4 in Fighting
   175 | D:2      | Reached XP level 2. HP: 27/27 MP: 1/1
   266 | D:3      | Killed from afar by an orc priest

Illustrated notes

Levels and vault maps discovered:
D:1:      dpeg_arrival_tiny_a, layout_rooms
D:2:      layout_loops_ring, gammafunk_temple_overflow_statue
D:3:      layout_basic, grunt_ministairs_15, minivault_24,
          nicolae_ru_awakened_eye

Skill      XL: |  1  2 |
---------------+-------+-----
Fighting       | 4 |  4.2
Axes           | 3 |  3.1
Armour         | |  3.8
Shields        | |  3.9

Action                   || total
-------------------------++-------
Melee: War axe           ||    14
       Headbutt          ||     4
Armor: Scale mail        ||     6
Dodge: Dodged            ||     1
Block: Kite shield       ||     8

Table legend: (Time is in decaauts)
 A = Elapsed time spent in this place.
 B = Non-inter-level travel time spent in this place.
 C = Inter-level travel time spent in this place.
 D = Time resting spent in this place.
 E = Time spent auto-exploring this place.
 F = Levels seen in this place.
 G = Mean time per level.
                   A        B        C        D        E       F      G
               +--------+--------+--------+--------+--------+-----+--------+
         Total |    272 |    248 |     24 |     35 |    157 |   3 |   90.7 |
       Dungeon |    272 |    248 |     24 |     35 |    157 |   3 |   90.7 |
               +--------+--------+--------+--------+--------+-----+--------+

Top non-repeatable levels by time:
     D:2: 223 daAuts
     D:1: 39 daAuts
     D:3: 10 daAuts
